 Dungeon Crawl Stone Soup version 0.31.0-4-g52a2dc7128 (webtiles) character file.

Game seed: 11815539214900913727

16044 BeingJoeMalik the Thaumaturge (level 12, -3/53 HPs)
             Began as a Vine Stalker Necromancer on Jan 21, 2024.
             Was a Priest of Vehumet.
             Slain by a troll (6 damage)
             ... on level 11 of the Dungeon.
             The game lasted 01:05:16 (14555 turns).

BeingJoeMalik the Thaumaturge (VSNe)               Turns: 14555, Time: 01:05:17

Health: -3/53      AC:  7    Str: 12    XL:     12   Next: 33%
Magic:  0/38       EV: 12    Int: 25    God:    Vehumet [***...]
Gold:   760        SH:  0    Dex: 15    Spells: 13/35 levels left

rFire   + + .        P - +7 battleaxe of Resumed Hostilities {holy, +Blink rElec rF+ rC+}
rCold   + + .        (shield currently unavailable)
rNeg    . . .        a - +0 robe
rPois   .            I - +2 helmet
rElec   +            h - scarf {rC+ rF+}
rCorr   .            v - +0 pair of gloves
SInv    .            R - +0 pair of boots
Will    +....        w - amulet of magic regeneration
Stlth   ++           n - +6 ring of intelligence
HPRegen 1.08/turn    F - ring of magical power
MPRegen 0.66/turn

%: guardian spirit
@: animating dead
A: fangs 3, regeneration 1, magic shield, antimagic bite, no potion heal 2
a: Renounce Religion, Evoke Blink


You were on level 11 of the Dungeon.
You worshipped Vehumet.
Vehumet was most pleased with you.
You visited 2 branches of the dungeon, and saw 12 of its levels.

You collected 1000 gold pieces.
You spent 240 gold pieces at shops.

Inventory:

Hand Weapons
 s - a +1 short sword of freezing
 P - the +7 battleaxe of Resumed Hostilities (weapon) {holy, +Blink rElec rF+ rC+}
   (You took it off a centaur on level 11 of the Dungeon)

   rF+:       It protects you from fire.
   rC+:       It protects you from cold.
   rElec:     It insulates you from electricity.
   +Blink:    It lets you blink.
Missiles
 d - 14 poisoned darts
 N - a curare-tipped dart
Armour
 a - a +0 robe (worn)
 h - a scarf of resistance (worn)
 v - a +0 pair of gloves (worn)
 C - a +0 buckler
 I - a +2 helmet (worn)
 R - a +0 pair of boots (worn)
Magical Staves
 r - a staff of fire
 y - a staff of cold
Jewellery
 k - a ring of fire
 n - a +6 ring of intelligence (left hand)
 t - a ring of ice
 w - an amulet of magic regeneration (around neck)
 F - a ring of magical power (right hand)
 O - a +4 ring of protection
Wands
 b - a wand of paralysis (16)
 l - a wand of iceblast (7)
 q - a wand of light (10)
 A - a wand of mindburst (15)
 M - a wand of polymorph (5)
Scrolls
 e - 4 scrolls of immolation
 m - a scroll of noise
 o - 2 scrolls of revelation
 u - a scroll of poison
 z - 6 scrolls of teleportation
 E - 3 scrolls of silence
 H - a scroll of fear
 J - a scroll of fog
 K - a scroll of vulnerability
 Q - a scroll of enchant armour
Potions
 f - 2 potions of enlightenment
 g - 7 potions of lignification
 i - a potion of berserk rage
 j - 2 potions of attraction
 p - 2 potions of degeneration
 B - 3 potions of curing
 D - 2 potions of haste
 L - a potion of cancellation
Miscellaneous
 G - a lightning rod (4/4)


   Skills:
 * Level 1.1 Fighting
 * Level 2.0 Dodging
 - Level 2.4 Stealth
 + Level 12.4 Spellcasting
 + Level 5.6 Conjurations
 - Level 5.1 Summonings
 * Level 12.3 Necromancy
 - Level 6.5 Earth Magic


You had 13 spell levels left.
You knew the following spells:

 Your Spells              Type           Power      Damage    Failure   Level
a - Necrotise             Necr           100%       1d9       1%          1
b - Vampiric Draining     Necr           67%        2d10      1%          3
c - Sandblast             Erth           96%        2d20      1%          1
d - Magic Dart            Conj           100%       1d8       1%          1
e - Call Imp              Summ           82%        N/A       1%          2
f - Stone Arrow           Conj/Erth      92%        3d12      1%          3
g - Animate Dead          Necr           67%        N/A       1%          4
h - Dispel Undead         Necr           67%        3d23      1%          4
i - Hailstorm             Conj/Ice       29%        3d8       1%          3

Your spell library contained the following spells:

 Spells                   Type           Power      Damage    Failure   Level
 Kiss of Death            Conj/Necr      100%       2d13      1%          1
 Fugue of the Fallen      Necr           67%        N/A       1%          3
 Passwall                 Erth           48%        N/A       1%          3
 Brom's Barrelling Bould  Conj/Erth      46%        2d6       1%          4
 Curse of Agony           Necr           67%        N/A       1%          5
 Borgnjor's Vile Clutch   Necr/Erth      29%        N/A       2%          5
 Anguish                  Hex/Necr       23%        N/A       3%          4
 Iskenderun's Mystic Bla  Conj/Tloc      29%        2d7       3%          4
 Death Channel            Necr           33%        N/A       3%          6
 Blink                    Tloc           30%        N/A       6%          2
 Ensorcelled Hibernation  Hex/Ice        30%        N/A       6%          2
 Arcjolt                  Conj/Air       14%        1d24      9%          5
 Confusing Touch          Hex            15%        N/A       12%         3
 Gell's Gravitas          Tloc           15%        N/A       12%         3
 Teleport Other           Tloc           15%        N/A       12%         3
 Tukima's Dance           Hex            15%        N/A       12%         3
 Dimensional Bullseye     Hex/Tloc       7%         N/A       36%         4
 Vhi's Electric Charge    Tloc/Air       30%        N/A       36%         4
 Dispersal                Tloc           7%         N/A       99%         6
 Maxwell's Capacitive Co  Air            7%         ∞         100%        8


Dungeon Overview and Level Annotations

Branches:
Dungeon (11/15)            Temple (1/1) D:7            Lair (0/5) D:9
    Orc: D:9-12

Altars:
Ashenzari
Cheibriados
Dithmenos
Elyvilon
Fedhas
Gozag
Hepliaklqana
Kikubaaqudgha
Makhleb
Nemelex Xobeh
Okawaru
Qazlal
Ru
Sif Muna
Trog
Uskayaw
Vehumet
Wu Jian
Xom
Yredelemnul
Zin
The Shining One
Jiyva

Shops:
D:5 !   D:6 *

Annotations:
D:9 3 runed translucent doors, cdecastro's ghost, novice DrSh
Temple 2 transporters


Innate Abilities, Weirdness & Mutations

You have razor-sharp teeth.
Your natural rate of healing is unusually fast.
When hurt, damage is shared between your health and your magic reserves.
Your bite disrupts and absorbs the magic of your enemies.
Potions cannot restore your health.


Message History

Confirm with . or Enter, or press ? or * to list all spells.
Aiming: Dispel Undead (safe; 1% risk of failure)
Press: ? - help, Shift-Dir - straight line, f - vampire mosquito, p - ice dragon
Aim: a vampire mosquito (100% to hit)
The vampire mosquito is dispelled!!!
You destroy the vampire mosquito!
Vehumet accepts your kill.
Vehumet is now aiding your destructive spells.
You feel your power returning. The ice dragon bites you!
The ice dragon claws you.
The ice dragon tramples you but does no damage.
The troll enters a dispersal trap!
Your cerulean imp blinks!
The ice dragon blinks!
The vampire blinks!
You blink.
The troll blinks!
Unknown command.
Unknown command.
Unknown command.
Casting: Dispel Undead (safe; 1% risk of failure)
Confirm with . or Enter, or press ? or * to list all spells.
Aiming: Stone Arrow (safe; 1% risk of failure)
Press: ? - help, Shift-Dir - straight line, f - ice dragon
Aim: an ice dragon (moderately wounded, 82% to hit)
The stone arrow hits the ice dragon!
The ice dragon is heavily wounded.
The ice dragon bites you! The ice dragon closely misses you.
The ice dragon tramples you.
You hold your ground!
Casting: Stone Arrow (safe; 1% risk of failure)
Confirm with . or Enter, or press ? or * to list all spells.
Aiming: Stone Arrow (safe; 1% risk of failure)
Press: ? - help, Shift-Dir - straight line, f/p - ice dragon
Aim: an ice dragon (heavily wounded, 82% to hit)
The stone arrow hits the ice dragon.
The ice dragon is heavily wounded.
The ice dragon barely misses you. The ice dragon claws you!
* * * LOW HITPOINT WARNING * * *
The ice dragon tramples you but does no damage.
The troll bites you!
* * * LOW HITPOINT WARNING * * *
The troll barely misses you. The troll claws you.
You die...

#.##....## ## ##....###..####.#
#.####... =~ #).##.###..# #.##
#.####..######$##)........####...
)........#.....)G.##....#........
#.####..#########.##.###.#...##..
#.# #...#.#.#.#.....# #..#..##..
#.# #.......)..W....###...#....#
#.# #.###..##..DT..........#..#.
#.####.###.#...^@........##..##..
...Z..)....#.#.#######.#.##..##..
#.####......<..# #.#....#ZZ#.
#..........##### #Z#...#Z.Z.#
############ #Z...#Z.##Z.
##..#...##Z. ###....†...
####..... ######


You could see an ice dragon, a troll and a shadow.

Vanquished Creatures
  2 centaur warriors
  A boulder beetle (D:10)
  2 two-headed ogres
  Pikel (D:9)
  2 cyclopes (D:8)
  An elephant (D:9)
  3 gargoyles
  An unseen horror (D:11)
  Jeremiah (D:6)
  A kobold demonologist (D:11)
  A komodo dragon (D:11)
  2 trolls (D:11)
  Prince Ribbit (D:9)
  Sigmund (D:6)
  A wraith (D:11)
  A shadow (D:11)
  5 humans
  A wyvern (D:11)
  Grum (D:8)
  4 vampire mosquitoes (D:11)
  A redback (D:11)
  8 yaks
  2 basilisks
  The ghost of puppykicker the Poker, an amateur MfWr (D:4)
  A steam dragon (D:8)
  An acid dragon (D:10)
  4 water moccasins
  2 sky beasts
  3 orc warriors
  2 ice beasts
  A black bear (D:8)
  5 ogres
  4 wolves (D:8)
  5 centaurs
  A phantom (D:4)
  A kobold brigand (D:9)
  A bullfrog (D:8)
  A gnoll sergeant (D:10)
  8 wights
  4 killer bees (D:9)
  6 howler monkeys
  A bombardier beetle (D:5)
  A gnoll bouda (D:8)
  5 hounds
  4 jellies
  5 orc priests
  2 sleepcaps
  17 orc wizards
  8 gnolls
  9 adders
  2 white imps
  3 dart slugs
  3 ribbon worms (D:2)
  28 orcs
  13 bats
  6 endoplasms
  13 giant cockroaches
  4 goblins
  8 hobgoblins
  4 jackals (D:5)
  17 kobolds
  3 quokkas
  9 ball pythons
  6 frilled lizards
  3 rats
269 creatures vanquished.

Vanquished Creatures (collateral kills)
  A basilisk (D:9)
  A centaur (D:11)
  2 kobold brigands
  2 killer bees (D:9)
  A howler monkey (D:11)
  2 orc wizards
  A sleepcap (D:8)
  A white imp (D:8)
  A ribbon worm (D:2)
  2 kobolds
14 creatures vanquished.

Vanquished Creatures (others)
  7 yak zombies (D:11)
  A troll zombie (D:11)
  4 wolf zombies (D:8)
  A basilisk zombie (D:9)
  2 centaur zombies (D:11)
  A human zombie (D:10)
  3 killer bee zombies (D:9)
  2 howler monkey zombies
  A steam dragon zombie (D:8)
  4 gnoll zombies
  6 orc zombies
  5 kobold zombies (D:9)
37 creatures vanquished.

Grand Total: 320 creatures vanquished

Notes
Turn   | Place    | Note
-------+----------+-------------------------------------------
     0 | D:1      | BeingJoeMalik the Vine Stalker Necromancer began the quest
                  | for the Orb.
     0 | D:1      | Reached XP level 1. HP: 9/9 MP: 4/4
   191 | D:1      | Reached XP level 2. HP: 13/13 MP: 4/6
   844 | D:1      | Reached XP level 3. HP: 16/16 MP: 5/7
  1271 | D:2      | Learned a level 3 spell: Vampiric Draining
  1273 | D:2      | Learned a level 1 spell: Sandblast
  1357 | D:2      | Reached skill level 5 in Necromancy
  1747 | D:2      | Reached XP level 4. HP: 21/21 MP: 6/8
  1889 | D:2      | You fall into a shaft and drop 2 floors!
  1899 | D:4      | Reached skill level 1 in Earth Magic
  1955 | D:4      | Found a snail-covered altar of Cheibriados.
  1992 | D:4      | Reached XP level 5. HP: 18/24 MP: 1/10
  2461 | D:4      | Noticed puppykicker's ghost (amateur MfWr)
  2462 | D:4      | Found a transporter.
  2462 | D:4      | Identified the +1 dire flail of Makhleb's Supremacy
                  | {freeze, Int+4}
  2462 | D:4      | Noticed an ogre
  2466 | D:4      | Found a transporter.
  3679 | D:3      | Reached XP level 6. HP: 28/28 MP: 7/13
  4981 | D:5      | Entered Level 5 of the Dungeon
  4996 | D:5      | Reached XP level 7. HP: 32/32 MP: 4/15
  5017 | D:5      | Reached skill level 5 in Spellcasting
  5312 | D:5      | Learned a level 1 spell: Magic Dart
  5315 | D:5      | Learned a level 2 spell: Call Imp
  5319 | D:5      | Learned a level 3 spell: Stone Arrow
  5490 | D:5      | Reached skill level 1 in Conjurations
  5725 | D:5      | Found Weceeboi's Distillery.
  5815 | D:5      | Gained mutation: You have razor-sharp teeth. [Vine Stalker
                  | growth]
  5815 | D:5      | Reached XP level 8. HP: 36/36 MP: 10/18
  6184 | D:5      | Found a blossoming altar of Fedhas.
  6726 | D:6      | Noticed Sigmund
  6753 | D:6      | Killed Sigmund
  6822 | D:6      | Noticed Jeremiah
  6845 | D:6      | Killed Jeremiah
  6846 | D:6      | Reached XP level 9. HP: 27/39 MP: 14/21
  7588 | D:6      | Found Woeliug's General Store.
  7588 | D:6      | Found Xiav's Specific Store.
  7831 | D:6      | Bought a ring of magical power for 240 gold pieces
  7960 | D:7      | Reached skill level 1 in Summonings
  8096 | D:7      | Found a staircase to the Ecumenical Temple.
  8129 | Temple   | Found a transporter.
  8129 | Temple   | Found a transporter.
  8129 | Temple   | Found a transporter.
  8129 | Temple   | Found a transporter.
  8129 | Temple   | Entered the Ecumenical Temple
  8143 | Temple   | Became a worshipper of Vehumet
  9230 | D:8      | Learned a level 4 spell: Animate Dead
  9403 | D:8      | Noticed a cyclops
  9412 | D:8      | Killed a cyclops
  9523 | D:8      | Reached XP level 10. HP: 43/44 MP: 21/24
  9692 | D:8      | Noticed a cyclops
  9906 | D:8      | Noticed a centaur warrior
  9911 | D:8      | Killed a centaur warrior
  9949 | D:8      | Noticed a gargoyle
  9956 | D:8      | Killed a gargoyle
  9957 | D:8      | Reached skill level 10 in Necromancy
 10127 | D:8      | Found a basalt altar of Yredelemnul.
 10255 | D:8      | Noticed Grum
 10264 | D:8      | Killed Grum
 10616 | D:8      | Your ally Grum died
 10617 | D:8      | Killed a cyclops
 10618 | D:8      | Reached skill level 10 in Spellcasting
 10660 | D:8      | Learned a level 4 spell: Dispel Undead
 10846 | D:9      | Found a staircase to the Lair.
 10846 | D:9      | Noticed an elephant
 10936 | D:9      | Reached skill level 5 in Earth Magic
 10984 | D:9      | Reached * piety under Vehumet
 10984 | D:9      | Offered knowledge of Foxfire by Vehumet.
 11026 | D:9      | Noticed a two-headed ogre
 11038 | D:9      | Killed a two-headed ogre
 11039 | D:9      | Reached XP level 11. HP: 47/47 MP: 26/26
 11058 | D:9      | Found a burning altar of Makhleb.
 11137 | D:9      | Noticed Pikel
 11148 | D:9      | Killed Pikel
 11195 | D:9      | Found a runed translucent gate.
 11196 | D:9      | Found a runed translucent gate.
 11207 | D:9      | Found a runed translucent gate.
 11209 | D:9      | Noticed cdecastro's ghost (novice DrSh)
 11216 | D:9      | Found a viscous altar of Jiyva.
 11589 | D:9      | Noticed Prince Ribbit
 11597 | D:9      | Killed Prince Ribbit
 11982 | D:4      | Killed puppykicker's ghost
 12187 | D:10     | Entered Level 10 of the Dungeon
 13147 | D:10     | Found a shimmering altar of Xom.
 13147 | D:10     | Found a white marble altar of Elyvilon.
 13147 | D:10     | Found a sacrificial altar of Ru.
 13189 | D:10     | Reached skill level 5 in Summonings
 13372 | D:10     | Noticed a two-headed ogre
 13382 | D:10     | Killed a two-headed ogre
 13513 | D:11     | Noticed a boulder beetle
 13516 | D:11     | Reached ** piety under Vehumet
 13516 | D:11     | Offered knowledge of Static Discharge by Vehumet.
 13605 | D:11     | Noticed a cyclops
 14109 | D:11     | Reached XP level 12. HP: 46/51 MP: 28/28
 14129 | D:11     | Reached skill level 5 in Conjurations
 14187 | D:11     | Identified the +7 battleaxe of Resumed Hostilities {holy,
                  | +Blink rElec rF+ rC+}
 14247 | D:11     | Noticed an ice dragon
 14248 | D:11     | Noticed a centaur warrior
 14269 | D:11     | Killed a centaur warrior
 14336 | D:11     | Offered knowledge of Hailstorm by Vehumet.
 14341 | D:11     | Learned a level 3 spell: Hailstorm
 14383 | D:11     | HP: 1/52 [troll (15)]
 14472 | D:10     | Killed a boulder beetle
 14473 | D:10     | Reached skill level 1 in Fighting
 14553 | D:11     | Reached *** piety under Vehumet
 14555 | D:11     | Slain by a troll

Illustrated notes

Levels and vault maps discovered:
D:1:      elethiomel_arrival_shortcut, layout_basic, hangedman_decor_growths,
          supply_closet_lemuel
D:2:      minmay_roachtagon, layout_basic
D:3:      layout_loops_ring
D:4:      layout_layer_cave, mainiacjoe_overflow_tiny_flanked,
          gammafunk_ghost_smash
D:5:      layout_basic, fedhas_altar_fruit_tree, serial_shops, kennysheep_mini,
          minmay_misc_feat_iff
D:6:      layout_gridville, dk_noncrumbling_3, hangedman_decor_points,
          nicolae_specific_store, uniq_jeremiah, uniq_sigmund
D:7:      layout_cave_pools, minmay_temple_entry_mini_moons,
          minmay_misc_feat_doors
D:8:      wad_statue_garden, layout_basic, marbit_many_paths, uniq_grum
D:9:      layout_loops_ring, lemuel_round_altar, david_lair_generic,
          gammafunk_ghost_ooze, uniq_pikel, uniq_prince_ribbit1
D:10:     layout_loops_ring, gammafunk_temple_overflow_claw,
          serial_park_tiny_pond, minmay_ruffians
D:11:     minmay_the_grid_square_5x5_4x4
          [minmay_the_grid_square_5x5_eight_small,
          minmay_the_grid_square_5x5_shuriken,
          minmay_the_grid_square_5x5_hollow_slash,
          minmay_the_grid_square_5x5_checkered,
          minmay_the_grid_square_5x5_longway,
          minmay_the_grid_square_5x5_prize_itemx,
          minmay_the_grid_square_5x5_prize_snowflake,
          minmay_the_grid_square_5x5_pentomino_r,
          minmay_the_grid_square_5x5_inner_v,
          minmay_the_grid_square_5x5_prize_deathbox,
          minmay_the_grid_square_5x5_prize_monsterx,
          minmay_the_grid_square_5x5_spiral, minmay_the_grid_square_5x5_corner,
          minmay_the_grid_square_5x5_one_wall, minmay_the_grid_square_5x5_comb,
          minmay_the_grid_square_5x5_three_small], layout_loops_ring,
          portal_ice_cave_entry_imps, minivault_26, onia_ninara_cookie
Temple:   hellmonk_temple_divided_pantheon

Skill      XL: |  1  2  3  4  5  6  7  8  9 10 11 12 |
---------------+-------------------------------------+-----
Necromancy     | 5 6 7 9 10 12 | 12.3
Earth Magic    | 1 2 3 5 6 |  6.5
Spellcasting   | 3 4 6 7 9 10 11 12 | 12.4
Conjurations   | 1 3 4 5 |  5.6
Summonings     | 2 4 5 |  5.1
Fighting       | 1 |  1.1
Dodging        | 2 |  2.0
Stealth        | |  2.4

Action                     |  1- 3 |  4- 6 |  7- 9 | 10-12 || total
---------------------------+-------+-------+-------+-------++-------
  Melee: Unarmed           |     1 |    21 |       |       ||    22
         Bite              |       |     6 |     2 |     3 ||    11
         Punch             |       |     1 |       |       ||     1
         Short sword       |       |     7 |     6 |       ||    13
         Staff             |       |       |     5 |     9 ||    14
   Cast: Necrotise         |    71 |   143 |   204 |    94 ||   512
         Sandblast         |       |     2 |    54 |     9 ||    65
         Vampiric Draining |       |     1 |     4 |     8 ||    13
         Magic Dart        |       |       |    21 |    26 ||    47
         Stone Arrow       |       |       |     4 |   191 ||   195
         Call Imp          |       |       |     4 |     7 ||    11
         Animate Dead      |       |       |       |    12 ||    12
         Dispel Undead     |       |       |       |     5 ||     5
  Evoke: Wand              |       |       |       |     1 ||     1
    Use: Scroll            |       |     4 |    13 |     6 ||    23
         Potion            |       |     1 |     5 |     3 ||     9
 Armour: Robe              |    12 |    34 |    89 |   172 ||   307
  Dodge: Dodged            |     9 |    37 |    66 |   116 ||   228
